 Dungeon Crawl Stone Soup version 0.29-a0-206-g4a66f2e2b5 (webtiles) character file.

Game seed: 9021081314348480962

66 esteth the Shooter (level 4, -1/26 HPs)
             Began as a Tengu Hunter on Feb 23, 2022.
             Slain by a worm (6 damage)
             ... on level 3 of the Dungeon.
             The game lasted 00:03:04 (2200 turns).

esteth the Shooter (Tengu Hunter)                   Turns: 2200, Time: 00:03:05

Health: -1/26      AC:  3    Str: 12    XL:     4   Next: 15%
Magic:  5/5        EV: 17    Int: 12    God:
Gold:   130        SH:  0    Dex: 16    Spells: 3/3 levels left

rFire   . . .      SeeInvis .   a - +1 shortbow
rCold   . . .      Faith    .   (shield currently unavailable)
rNeg    . . .      Spirit   .   b - +0 leather armour
rPois   .          Reflect  .   e - +0 hat
rElec   .          Harm     .   (no cloak)
rCorr   .          Rampage  .   (no gloves)
Will    .....                   (boots unavailable)
Stlth   ++........              (no amulet)
HPRegen 0.08/turn               E - +4 ring of evasion
MPRegen 0.09/turn               (no ring)

@: no status effects
A: beak, talons 3
a: no special abilities


You were on level 3 of the Dungeon.
You visited 1 branch of the dungeon, and saw 3 of its levels.

You collected 130 gold pieces.


Innate Abilities, Weirdness & Mutations

You have a beak for a mouth.
You have claws for feet.


   Skills:
 - Level 2.0 Fighting
 + Level 5.3 Bows
 + Level 3.6 Dodging
 - Level 1.0 Stealth


You had 3 spell levels left.
You didn't know any spells.
Your spell library contained the following spells:

 Spells                   Type           Power      Damage    Failure   Level
 Ignite Poison            Fire/Tmut/Pois 0%         N/A       77%         3
 Mephitic Cloud           Conj/Pois/Air  0%         N/A       77%         3
 Freezing Cloud           Conj/Ice/Air   0%         6-21      100%        5

Inventory:

Hand Weapons
 a - a +1 shortbow (weapon)
Missiles
 d - 62 stones
 j - 10 poisoned darts
Armour
 b - a +0 leather armour (worn)
 e - a +0 hat (worn)
   (You found it on level 1 of the Dungeon)
 h - a +0 buckler
   (You found it on level 3 of the Dungeon)
Jewellery
 E - a +4 ring of evasion (left hand)
   (You found it on level 1 of the Dungeon)
Scrolls
 g - a scroll of enchant armour {unknown}
 k - 2 scrolls of magic mapping {unknown}
 l - 3 scrolls of fear {unknown}
 n - a scroll of silence {unknown}
 s - a scroll of amnesia {unknown}
 u - a scroll of blinking {unknown}
 v - a scroll of fog {unknown}
Potions
 c - a potion of lignification {unknown}
 f - a potion of heal wounds {unknown}
 i - 2 potions of curing {unknown}
 m - a potion of attraction {unknown}
 p - a potion of berserk rage {unknown}
 r - a potion of flight {unknown}
 t - a potion of degeneration {unknown}
 w - a potion of resistance {unknown}

Dungeon Overview and Level Annotations

Branches:
Dungeon (3/15)

Altars:

#...#'##.#####
#...#.##.#...####
.########...#...........#
........#...#...........#
........#...#............
.......)†................
........########.#.......
....#...###### #.......<.
... ####@....###.........
. #w....##..........
#.....##..........
#.........##...#####..
#..†..........#.........
#.......................
#.......................
#...............#####...
#.............# ####


You could see a worm.


Message History

You shoot an arrow.
The arrow closely misses the ball python.
The ball python misses you. The ball python grabs you.
The ball python constricts you.
You shoot an arrow.
The arrow hits the ball python but does no damage.
The ball python closely misses you. The ball python constricts you.
You shoot an arrow. The arrow hits the ball python!
You kill the ball python!
No target in view!
There is an open door here.
A bat comes into view.
You see here a +0 spear.
A bat is nearby!
You shoot an arrow.
The arrow hits the bat but does no damage.
The bat completely misses you.
You shoot an arrow. The arrow hits the bat!
You kill the bat!
No target in view!
n - a scroll labelled BYOPREY TUYCSOJ A worm and a ball python come into view.
You shoot an arrow. The arrow hits the ball python.
The ball python hisses angrily.
You shoot an arrow. The arrow hits the ball python.
You kill the ball python!
You shoot an arrow. The arrow hits the worm.
You shoot an arrow. The arrow hits the worm.
You shoot an arrow.
The arrow hits the worm but does no damage.
You shoot an arrow. The arrow hits the worm.
You shoot an arrow. The arrow hits the worm!
You shoot an arrow. The arrow hits the worm.
The worm barely misses you.
You shoot an arrow. The arrow hits the worm.
You shoot an arrow.
The arrow hits the worm but does no damage.
The worm bites you! 😮 HP[-10]
You take 10 damage, and now have 16/26 hp.
MASSIVE DAMAGE!! (PAUSE) Shoot: a) +1 shortbow
Press: ? - help, Q - select action, (/) - cycle Shift-Dir - straight line, f/p - worm
Aim: a worm (severely wounded, 81% to hit)
You shoot an arrow. The arrow hits the worm.
The worm bites you. 😮 HP[-2]
You take 2 damage, and now have 14/26 hp.
Shoot: a) +1 shortbow
Press: ? - help, Q - select action, (/) - cycle Shift-Dir - straight line, f/p - worm
Aim: a worm (almost dead, 81% to hit)
You shoot an arrow. The arrow barely misses the worm.
The worm barely misses you.
Shoot: a) +1 shortbow
Press: ? - help, Q - select action, (/) - cycle Shift-Dir - straight line, f/p - worm
Aim: a worm (severely wounded, 81% to hit)
You shoot an arrow.
The arrow hits the worm but does no damage.
The worm closely misses you.
Shoot: a) +1 shortbow
Press: ? - help, Q - select action, (/) - cycle Shift-Dir - straight line, f/p - worm
Aim: a worm (severely wounded, 81% to hit)
You shoot an arrow.
The arrow hits the worm but does no damage.
Shoot: a) +1 shortbow
Press: ? - help, Q - select action, (/) - cycle Shift-Dir - straight line, f/p - worm
Aim: a worm (severely wounded, 81% to hit)
You shoot an arrow.
The arrow hits the worm but does no damage.
Shoot: a) +1 shortbow
Press: ? - help, Q - select action, (/) - cycle Shift-Dir - straight line, f/p - worm
Aim: a worm (severely wounded, 81% to hit)
You shoot an arrow. The arrow hits the worm.
The worm bites you.
* * * LOW HITPOINT WARNING * * *
😨 HP[-6]
You take 6 damage, and now have 8/26 hp.
MASSIVE DAMAGE!! (PAUSE) Unknown command.
Shoot: a) +1 shortbow
Press: ? - help, Q - select action, (/) - cycle Shift-Dir - straight line, f/p - worm
Aim: a worm (severely wounded, 81% to hit)
You shoot an arrow.
The arrow hits the worm but does no damage.
The worm barely misses you. 😨 HP[+1] Shoot: a) +1 shortbow
Press: ? - help, Q - select action, (/) - cycle Shift-Dir - straight line, f/p - worm
Aim: a worm (severely wounded, 81% to hit)
You shoot an arrow. The arrow hits the worm.
The worm bites you.
* * * LOW HITPOINT WARNING * * *
😱 HP[-4]
You take 4 damage, and now have 5/26 hp.
Shoot: a) +1 shortbow
Press: ? - help, Q - select action, (/) - cycle Shift-Dir - straight line, f/p - worm
Aim: a worm (severely wounded, 81% to hit)
You shoot an arrow. The arrow hits the worm.
The worm bites you.
You die...

Skill      XL: |  1  2  3 |
---------------+----------+-----
Dodging        | 3 |  3.6
Bows           | 5 |  5.3
Fighting       | |  2.0
Stealth        | |  1.0

Action                   |  1- 3 |  4- 6 || total
-------------------------+-------+-------++-------
 Fire: Shortbow          |    89 |    36 ||   125
Armor: Leather armour    |     8 |       ||     8
Dodge: Dodged            |    20 |     7 ||    27

Levels and vault maps discovered:
D:1:      matt_arrival_refuge, layout_loops_corners, minmay_tetromino_i2
D:2:      layout_basic, hangedman_decor_lopped,
          wander_ebering_terrifying_dragon_lair
D:3:      layout_basic, nicolae_ecumenical_pavilion

Notes
Turn   | Place    | Note
-------+----------+-------------------------------------------
     0 | D:1      | esteth the Tengu Hunter began the quest for the Orb.
     0 | D:1      | Reached XP level 1. HP: 12/12 MP: 2/2
     0 | D:1      | magus.rc [v1.11.3]
   277 | D:1      | Reached XP level 2. HP: 17/17 MP: 3/3
   883 | D:1      | Reached skill level 3 in Dodging
   974 | D:1      | Reached XP level 3. HP: 20/21 MP: 4/4
  1318 | D:2      | Reached skill level 5 in Bows
  1725 | D:2      | You add the spells Ignite Poison, Mephitic Cloud and
                  | Freezing Cloud to your library.
  1806 | D:2      | Reached XP level 4. HP: 26/26 MP: 5/5
  2038 | D:3      | Found a faded altar of an unknown god.
  2199 | D:3      | HP: 5/26 [worm (4)]
  2200 | D:3      | Slain by a worm

Vanquished Creatures
  2 adders (D:2)
  2 dart slugs
  An orc (D:3)
  8 ball pythons
  6 bats
  An endoplasm (D:1)
  2 giant cockroaches
  5 goblins
  4 hobgoblins
  2 quokkas
  5 frilled lizards
  A kobold (D:2)
  4 rats
43 creatures vanquished.

Table legend:
 A = Non-vault XP
 B = Vault XP
 C = Vault XP percentage of total XP
 D = Non-vault monster count
 E = Vault monster count
 F = Vault count percentage of total count
                 A         B        C        D         E       F
            +---------+---------+-------+---------+---------+-------
      Total |      88 |       7 |   7.4 |      40 |       3 |   7.0
            +---------+---------+-------+---------+---------+-------
        D:1 |      32 |       6 |  15.8 |      19 |       2 |   9.5
        D:2 |      45 |       1 |   2.2 |      14 |       1 |   6.7
        D:3 |      11 |       0 |   0.0 |       7 |       0 |   0.0
            +---------+---------+-------+---------+---------+-------

Illustrated notes

Table legend:
 A = Kills in this place as a percentage of kills in entire the game.
 B = Kills by you in this place as a percentage of kills by you in the entire game.
 C = Kills by friends in this place as a percentage of kills by friends in the entire game.
 D = Other kills in this place as a percentage of other kills in the entire game.
 E = Experience gained in this place as a percentage of experience gained in the entire game.
 F = Experience gained in this place divided by the number of levels of this place that you have seen.
                   A       B       C       D       E      F
               +-------+-------+-------+-------+-------+----------------------
         Total | 100.0 | 100.0 |   N/A |   N/A | 100.0 |  31.7
       Dungeon | 100.0 | 100.0 |   N/A |   N/A | 100.0 |  31.7
               +-------+-------+-------+-------+-------+----------------------

Table legend: (Time is in decaauts)
 A = Elapsed time spent in this place.
 B = Non-inter-level travel time spent in this place.
 C = Inter-level travel time spent in this place.
 D = Time resting spent in this place.
 E = Time spent auto-exploring this place.
 F = Levels seen in this place.
 G = Mean time per level.
                   A        B        C        D        E       F      G
               +--------+--------+--------+--------+--------+-----+--------+
         Total |   2235 |   2172 |     63 |      0 |   1916 |   3 |  745.0 |
       Dungeon |   2235 |   2172 |     63 |      0 |   1916 |   3 |  745.0 |
               +--------+--------+--------+--------+--------+-----+--------+

Top non-repeatable levels by time:
     D:1: 1315 daAuts
     D:2: 749 daAuts
     D:3: 170 daAuts
